 Dungeon Crawl Stone Soup version 0.10.4 character file.

158 Aargh the Skirmisher (level 3, -9/25 HPs)
             Began as a Sludge Elf Abyssal Knight on July 18, 2013.
             Was a Follower of Lugonu.
             Splashed by acid (11 damage)
             ... on Level 2 of the Dungeon.
             The game lasted 00:19:34 (1952 turns).

Aargh the Skirmisher (Sludge Elf Abyssal Knight)    Turns: 1952, Time: 00:19:35

HP  -9/25        AC  6     Str 12      XL: 3   Next: 37%
MP   5/5         EV  9     Int 14      God: Lugonu [*.....]
Gold 122         SH  0     Dex 13      Spells:  0 memorised,  2 levels left

Res.Fire  : . . .   See Invis. : .   w - +0 flail
Res.Cold  : . . .   Warding    : . . t - +1 ring mail
Life Prot.: . . .   Conserve   : .   (no shield)
Res.Acid. : . . .   Res.Corr.  : .   (no helmet)
Res.Poison: .       Clarity    : .   (no cloak)
Res.Elec. : .       Spirit.Shd : .   (no gloves)
Sust.Abil.: . .     Stasis     : .   (no boots)
Res.Mut.  : .       Ctrl.Telep.: .   (no amulet)
Res.Rott. : .       Levitation : .   (no ring)
Saprovore : . . .   Ctrl.Flight: .   (no ring)

@: slightly resistant to hostile enchantments, unstealthy
A: no striking features
a: Depart the Abyss, Renounce Religion


You were on level 2 of the Dungeon.
You worshipped Lugonu.
Lugonu was most pleased with you.
You were hungry.

You visited 1 branch of the dungeon, and saw 3 of its levels.
You visited the Abyss 1 time.

You collected 102 gold pieces.

Dungeon Overview and Level Annotations

Branches:
Dungeon (3/27)

Altars:


   Skills:
 + Level 3.6 Fighting
 + Level 2.1 Short Blades
 + Level 0.7 Armour
 + Level 3.0 Dodging
 * Level 2.1 Stealth
 * Level 1.4 Stabbing
 * Level 1.2 Traps & Doors
 * Level 2.6 Invocations


You had 2 spell levels left.
You didn't know any spells.

Inventory:

Hand weapons
 a - a +2,+2 elven short sword
 d - a -1,+0 orcish club (quivered)
 h - a +2,+0 elven dagger
 i - a +0,+0 short sword
 k - a +0,+0 spear
 l - a +0 blowgun
 m - a +0,+0 club
 n - a +0,+0 club
 o - a +0,+1 orcish dagger
 p - a +0,+0 short sword
 q - a +0,+0 club
 s - a +0,+0 mace
 u - a +3,+2 dwarven dagger
 w - a +0,+0 flail (weapon)
 z - a +0,+1 orcish club
 F - a +0,+0 sling
 G - a +0,+1 orcish club
Missiles
 r - 3 +0 darts
 v - 5 curare-tipped +0 needles
 A - 7 poisoned +0 needles
Armour
 b - a +0 elven leather armour
 e - a +1 robe
 t - a +1 ring mail (worn)
Comestibles
 c - 4 bread rations
 g - 2 meat rations
 B - an apple
 D - a chunk of bat flesh {@w1}
Scrolls
 f - a scroll of remove curse
 y - 2 scrolls of curse weapon
 C - a scroll of identify {unknown}
 E - a scroll of teleportation {unknown}
Potions
 j - a potion of curing {unknown}
 x - a potion of heal wounds {unknown}


Message History

The giant cockroach is too close now for your liking.
There is an open door here.
The helpless giant cockroach fails to defend itself.
You puncture the giant cockroach!
You kill the giant cockroach!
Lugonu accepts your kill.
Your Dodging skill increases to level 3!
HP restored.
You open the door.
A ball python and a jelly come into view.
The jelly quivers.
There is an open door here.
You hear a slurping noise.
The jelly eats the door!
The ball python barely misses you.
You barely miss the ball python. The ball python bites you.
The ball python constricts you.
The ball python bites you but does no damage.
The ball python constricts you.
You barely miss the ball python.
The ball python bites you but does no damage.
The ball python constricts you.
You completely miss the ball python.
The ball python bites you but does no damage.
The ball python constricts you.
You hit the ball python.
You kill the ball python!
Lugonu accepts your kill.
You are feeling hungry.
You barely miss the jelly. The jelly barely misses you.
Wield which item (- for none, * to show all)? (? for menu, Esc to quit)
w - an uncursed flail (weapon)
You hit the jelly.
The jelly is lightly wounded.
The jelly hits you.
You are splashed with acid!
The acid burns!
Ouch! That really hurt!
* * * LOW HITPOINT WARNING * * *
The jelly hits you.
* * * LOW HITPOINT WARNING * * *
You are splashed with acid!
The acid burns!
You die...

#.# #...### #.# ### #...##. #.#
..# ###...##. #.# ..# #.#...##.
#.# ..# #.....##. #.#############
..###.##.#... ..##..........#
.J.##.##.#...
###........##.######...##.##.####
###........##...@J.....##.#......
..'........#########...##.#######
###........# ...##.# #
...######### #.###.# # ##.#
#######.# # #.# #.......# # #.#
#.......# # #.##########
#.......# # ##.##.......#
#.......# #


You could see a jelly.

Vanquished Creatures
  A giant gecko (D:1)
  2 giant cockroaches
  5 goblins
  5 hobgoblins
  A ball python (D:2)
  7 bats
  A giant newt (D:1)
  6 kobolds
  5 rats
33 creatures vanquished.

Notes
Turn   | Place    | Note
--------------------------------------------------------------
     0 | Abyss    | Aargh, the Sludge Elf Abyssal Knight, began the quest for the Orb.
     0 | Abyss    | Reached XP level 1. HP: 14/14 MP: 1/1
    97 | D:1      | You pass through the gate.
   386 | D:1      | Reached XP level 2. HP: 8/19 MP: 3/3
   634 | D:1      | Reached skill level 1 in Stealth
   829 | D:1      | Reached skill level 2 in Short Blades
   902 | D:1      | Acquired Lugonu's first power
   902 | D:1      | Reached skill level 1 in Traps & Doors
   943 | D:1      | Reached skill level 1 in Stabbing
  1219 | D:1      | Reached XP level 3. HP: 25/25 MP: 5/5
  1802 | D:3      | Reached skill level 2 in Stealth
  1925 | D:2      | Reached skill level 3 in Dodging
  1940 | D:2      | Noticed a jelly
  1952 | D:2      | HP: 2/25 [jelly (4)]
  1952 | D:2      | Splashed by acid
